 BcadrenCrawl: Boulder Brew version 0.03.3.1-19-g2523139174 (webtiles) character file.

Game seed: 12733609821107361899, levelgen mode: deterministic

1311 Chiseanne the Cutter (level 8, -3/54 HPs) Goblin Demonspawn. Began on Mar 15, 2021. Slain by Pikel ... wielding a +2 whip of electrocution (5 damage) ... on level 2 of the Dungeon. The game lasted 00:15:48 (2542 turns).

Chiseanne the Cutter (Goblin Demonspawn)            Turns: 2542, Time: 00:15:48

Health: -3/54      AC: 11    Str:  8    XL:     8 ^: 106
Magic:  0/9        EV: 12    Int:  6    God:
Gold:   192        SH:  0    Dex:  6    Spells: 10/11 levels left

rFire    . . .     Vision   .   a - +0 dagger (venom)
rCold    . . .     Gourm    +   q - +2 short sword (elec) (curse) {(Curse: *Contam)}
rNeg     . . .     Faith    .   r - +0 scale mail
rPois    +         Spirit   +   (no helmet)
rElec    .         Reflect  .   f - +2 cloak
rCorr    .         Harm     .   (no gloves)
MR       .....                  (no boots)
Stlth    +.........             j - amulet of the gourmand
HPRegen  0.28/turn              e - ring of poison resistance
MPRegen  0.19/turn              (no ring)

@: no status effects
A: small, stagnant stats, goblin's greed, talons 1, low mp 1, mutation
resistance 1, nightstalker 1, magic shield, god's pity 2
a: no special abilities


You were on level 2 of the Dungeon.
You were completely stuffed.

You visited 1 branch of the dungeon, and saw 3 of its levels.

You collected 160 gold pieces.

Inventory:

Weapons
 a - a +0 dagger of venom (weapon)
 q - a cursed +2 short sword of electrocution (weapon) {(Curse: *Contam)}
 w - a +2 hunting sling of molten steel
 y - a +2 hammer of caustic ooze
Armour
 f - a +2 cloak (worn)
 r - a +0 scale mail (worn)
Jewellery
 b - a cursed amulet of regeneration {(Curse: rC-)}
 e - a ring of poison resistance (left hand)
 j - an amulet of the gourmand (around neck)
 k - a cursed ring of dexterity {(Curse: rC-)}
 o - a cursed ring of evasion {(Curse: -Vis)}
 u - a cursed ring of evasion {(Curse: -Vis)}
Wands
 g - a wand of random effects
Scrolls
 i - a scroll of amnesia
 m - a scroll of fog
 n - a scroll of fear
Potions
 c - 2 potions of brilliance
 h - 2 potions of curing
 l - 2 potions of resistance
 p - a potion of lignification
 s - a potion of cancellation
 t - a potion of magic
Comestibles
 d - 11 rations


   Skills:
 - Level 3.8 Fighting
 * Level 7.0 Short Blades
 * Level 5.2 Slings
 * Level 6.3 Armour
 - Level 5.4 Dodging
 - Level 2.6 Stealth
 * Level 2.4 Spellcasting
 - Level 2.6 Fire Magic
   Level 4.0 Invocations


You had 10 spell levels left.
You knew the following spells:

 Your Spells              Type           Power        Failure   Level  Hunger
a - Flame Tongue          Fire           3 (30)       34%         1    ##.....

Your spell library contained the following spells:

 Spells                   Type           Power        Failure   Level  Hunger
 Conjure Flame            Fire           3 (100)      71%         3    ####...
 Blink                    Tloc           N/A          85%         2    ###....
 Call Imp                 Summ           0 (100)      85%         2    ###....
 Slow                     Hex            0 (100)      85%         2    ###....
 Mephitic Cloud           Pois/Air       0 (100)      97%         3    ####...


Dungeon Overview and Level Annotations

Branches:
Dungeon (3/8)

Altars:
Yredelemnul

Shops:
D:3 %:%

Annotations:
D:2 Pikel


Innate Abilities, Weirdness & Mutations

Your stats never grow through leveling.
Your goblin ancestry allows you to find more gold. (+20%)
You are small and have problems with some larger weapons.
You have sharp toenails.
Your magical capacity is low. (-10% MP)
You are somewhat resistant to further mutation.
You are slightly more attuned to the shadows.
When hurt, damage is shared between your health and your magic reserves.
The pity of the gods increases the power of your passive and invoked divine abilities.


Message History

Something hits you but does no damage.
You are shocked (6).
You hit something (2). You barely miss something.
You hit something but do no damage. You closely miss something.
Something hits you (5).
* * * LOW HITPOINT WARNING * * *
You are shocked (5).
* * * LOW HITPOINT WARNING * * *
You hit something (1). You barely miss something.
Something hits you but does no damage.
You are shocked (5).
* * * LOW HITPOINT WARNING * * *
You hit something but do no damage. You barely miss something.
Pikel appears from thin air!
Reactivating autopickup.
Pikel hits you but does no damage.
You are shocked (7)!
* * * LOW HITPOINT WARNING * * *
All of the chunks of flesh in your inventory have rotted away.
You hit Pikel but do no damage. You closely miss Pikel.
You claw Pikel, but do no damage. Pikel hits you but does no damage.
You are shocked (6).
You die...

##.≈≈≈
##.≈≈≈≈≈≈≈
##≈≈≈≈≈≈b
##.≈≈≈≈≈
##..... ..
#≈##..####≈≈##
#.≈...K@≈..≈..
#≈..>....?)...
##...........?
##≈..........
#≈.......b?.
≈............
≈..b...?.....
#..........#


You could see Pikel.

Vanquished Creatures
  A guardian mummy (D:3)
  2 water moccasins (D:2)
  A big kobold (D:2)
  Crazy Yiuf (D:3)
  7 jellies (D:2)
  A mummy (D:3)
  3 giant cockroaches
  An iron imp (D:3)
  A bullfrog zombie (D:3)
  A porcupine skeleton (D:3)
  A shadow imp (D:3)
  5 adders
  43 sewer rats (D:2)
  7 cinder newts
  3 worms
  A hound skeleton (D:3)
  3 dart slugs
  3 leopard geckos
  2 orcs (D:3)
  An adder skeleton (D:2)
  An adder zombie (D:3)
  5 bats
  A cinder newt skeleton (D:2)
  2 gnoll zombies (D:2)
  4 hobgoblins (D:1)
  A ball python (D:2)
  A bat skeleton (D:2)
  6 goblins (D:1)
  10 kobolds
  2 kobold skeletons (D:2)
  An orc skeleton (D:2)
  2 quokka zombies (D:3)
  A rat (D:1)
  16 withered plants (D:2)
141 creatures vanquished.

Vanquished Creatures (others)
  A big kobold (D:2)
  A giant cockroach (D:2)
  2 sewer rats (D:2)
  6 kobolds (D:2)
  A ball python (D:2)
  A bat skeleton (D:2)
  A giant blowfly (D:2)
  2 slimeheads (D:2)
  106 withered plants (D:2)
121 creatures vanquished.

Grand Total: 262 creatures vanquished

Notes
Turn   | Place    | Note
-------+----------+-------------------------------------------
     0 | D:1      | Chiseanne the Goblin Demonspawn began the quest for the
                  | Orb.
     0 | D:1      | Reached XP level 1. HP: 13/13 MP: 2/2
   122 | D:1      | Gained mutation: You have sharp toenails. [demonic
                  | ancestry]
   122 | D:1      | Reached XP level 2. HP: 16/19 MP: 3/3
   245 | D:1      | Reached skill level 3 in Short Blades
   245 | D:1      | Reached skill level 1 in Armour
   245 | D:1      | Reached XP level 3. HP: 24/24 MP: 4/4
   489 | D:1      | Gained mutation: You are slightly more attuned to the
                  | shadows. [demonic ancestry]
   489 | D:1      | Reached XP level 4. HP: 19/30 MP: 5/5
   789 | D:2      | Noticed a big kobold
   811 | D:2      | Killed a big kobold
   811 | D:2      | Reached XP level 5. HP: 22/36 MP: 6/6
   909 | D:2      | Reached skill level 5 in Dodging
   933 | D:2      | Reached skill level 4 in Short Blades
  1007 | D:2      | Reached XP level 6. HP: 40/42 MP: 7/7
  1106 | D:2      | Noticed a water moccasin
  1116 | D:2      | Killed a water moccasin
  1116 | D:2      | Reached skill level 1 in Slings
  1116 | D:2      | Reached XP level 7. HP: 37/47 MP: 8/8
  1176 | D:2      | Found a basalt altar of Yredelemnul.
  1218 | D:2      | Reached skill level 5 in Short Blades
  1523 | D:2      | Reached skill level 5 in Armour
  1524 | D:2      | Gained mutation: When hurt, damage is shared between your
                  | health and your magic reserves. [demonic ancestry]
  1524 | D:2      | Reached XP level 8. HP: 54/54 MP: 8/8
  1556 | D:2      | Reached skill level 6 in Short Blades
  1927 | D:3      | Found Fyttun's Book Shoppe.
  2035 | D:3      | Found Vooghain's Food Shoppe.
  2070 | D:3      | Found a runed translucent door.
  2071 | D:3      | Noticed Crazy Yiuf
  2082 | D:3      | Killed Crazy Yiuf
  2173 | D:3      | Found Buso's Food Emporium.
  2296 | D:3      | Reached skill level 5 in Slings
  2301 | D:3      | HP: 1/54 [something (10)]
  2472 | D:3      | Reached skill level 7 in Short Blades
  2514 | D:3      | Noticed Pikel
  2541 | D:2      | HP: 2/54 [Pikel/+2 whip of electrocution (6)]
  2542 | D:2      | Slain by Pikel

Levels and vault maps discovered:
D:1:      dpeg_arrival_signposts, layout_cave_pools
D:2:      layout_sewer, lemuel_zombie_altar_yredelemnul,
          nicolae_gozag_cash_rules_everything_around_me, first_ration
D:3:      minmay_ossuary_gauntlet, layout_twisted_cavern, serial_shops, shop,
          shop, shop, blue_anna_alchemist [blue_anna_fruit_fields,
          blue_anna_fruit_fields], st_stairs_7, uniq_pikel,
          uniq_crazy_yiuf_cottage

Skill      XL: |  1  2  3  4  5  6  7  8 |
---------------+-------------------------+-----
Fighting       | 2 3 |  3.8
Short Blades   | 3 4 5 7 |  7.0
Armour         | 1 2 3 5 6 |  6.3
Dodging        | 5 |  5.4
Slings         | 1 3 5 |  5.2
Spellcasting   | 2 |  2.4
Stealth        | |  2.6
Fire Magic     | |  2.6
Invocations    | |  4.0

Action                   |  1- 3 |  4- 6 |  7- 9 || total
-------------------------+-------+-------+-------++-------
Melee: Rapier            |    60 |    34 |       ||    94
       Unarmed           |    31 |       |       ||    31
       Club              |    13 |       |       ||    13
       Dagger            |       |    66 |   196 ||   262
       Kick              |       |     3 |    17 ||    20
       Short sword       |       |    32 |   188 ||   220
 Fire: Hunting sling     |       |    33 |    35 ||    68
Evoke: Wand              |       |       |     1 ||     1
  Use: Potion            |       |       |     4 ||     4
       Scroll            |       |       |     1 ||     1
  Eat: Chunk             |    11 |     7 |     6 ||    24
Armor: Leather armour    |    20 |     3 |       ||    23
       Scale mail        |       |    28 |    58 ||    86
Dodge: Dodged            |    71 |    61 |    87 ||   219
